 Dungeon Crawl Stone Soup version 0.25-a0-1133-g93ebf739aa (webtiles) character file.

Game seed: 14511687259999383158, levelgen mode: deterministic

551 Flugkiller the Changer (level 7, -3/46 HPs)
             Began as an Octopode Wanderer on May 21, 2020.
             Was an Initiate of Yredelemnul.
             Slain by a sky beast (5 damage)
             ... on level 5 of the Dungeon.
             The game lasted 00:07:51 (4984 turns).

Flugkiller the Changer (Octopode Wanderer)          Turns: 4984, Time: 00:07:52

Health: -3/46      AC:  1    Str: 11    XL:     7   Next: 29%
Magic:  10/10      EV: 13    Int: 18    God:    Yredelemnul [......]
Gold:   243        SH:  0    Dex: 10    Spells: 8/10 levels left

rFire    . . .     SeeInvis .   a - +0 hand crossbow
rCold    . . .     Gourm    .   (no shield)
rNeg     + . .     Faith    .   (helmet restricted)
rPois    .         Spirit   .   (no amulet)
rElec    .         Reflect  .   e - ring of positive energy
rCorr    .         Harm     .   (no ring)
MR       .....                  (no ring)
Stlth    +++.......             (no ring)
HPRegen  0.15/turn              (no ring)
MPRegen  0.12/turn              (no ring)
                                (no ring)
                                (no ring)

@: no status effects
A: almost no armour, stealthy swim, amphibious, 8 rings, constrict 8, camouflage
1, gelatinous body 1
a: Renounce Religion


You were on level 5 of the Dungeon.
You worshipped Yredelemnul.
Yredelemnul was noncommittal.
You were hungry.

You visited 1 branch of the dungeon, and saw 5 of its levels.

You collected 243 gold pieces.

Inventory:

Hand Weapons
 a - a +0 hand crossbow (weapon)
 b - a +0 halberd
   (You took it off a gnoll on level 3 of the Dungeon)
 m - a +0 trident
   (You took it off an orc on level 4 of the Dungeon)
Missiles
 d - 41 bolts (quivered)
 g - 31 arrows
 l - 16 poisoned darts
Jewellery
 e - a ring of positive energy (left tentacle)
   (You found it on level 1 of the Dungeon)
Wands
 c - a wand of flame (19)
Potions
 j - 2 potions of haste
 k - a potion of invisibility {unknown}
Comestibles
 f - 7 rations


   Skills:
 + Level 3.5 Fighting
 - Level 2.0 Polearms
 - Level 2.0 Crossbows
 + Level 2.7 Dodging
 - Level 4.0 Stealth
 - Level 2.0 Spellcasting
   Level 1.0 Hexes
 - Level 5.0 Transmutations
   Level 1.0 Air Magic
 - Level 1.1 Evocations


You had 8 spell levels left.
You knew the following spells:

 Your Spells              Type           Power        Failure   Level  Hunger
a - Sticks to Snakes      Tmut           ###.....     3%          2    ###....

Your spell library contained the following spells:

 Spells                   Type           Power        Failure   Level  Hunger
 Passwall                 Tmut/Erth      ##......     10%         2    ###....


Dungeon Overview and Level Annotations

Branches:
Dungeon (5/15)
 Temple: D:4-7

Altars:
Fedhas
Hepliaklqana
Xom
Yredelemnul


Innate Abilities, Weirdness & Mutations

You cannot wear most types of armour.
You are very stealthy in the water. (Stealth+)
You are amphibious.
You can wear up to eight rings at the same time.
You can use your tentacles to constrict eight enemies at once.
Your skin changes colour to match your surroundings (Stealth+).
Your rubbery body absorbs attacks. (AC +1, EV +1)


Message History

* * * LOW HITPOINT WARNING * * *
Evoke which item? (* to show all) (? for menu, Esc to quit)
Aiming: Throw Flame
Press: ? - help, Shift-Dir - straight line, f/p - sky beast
Aim: a sky beast (heavily wounded)
The puff of flame hits the sky beast.
The sky beast is severely wounded.
The sky beast closely misses you.
Unknown command.
You aren't carrying any scrolls.
It was a potion of heal wounds.
You feel much better. The sky beast barely misses you.
Unknown command.
Unknown command.
Firing (i - inventory. (/) - cycle)
d - 45 bolts (quivered)
Press: ? - help, Shift-Dir - straight line, f/p - sky beast
Aim: a sky beast (severely wounded)
You shoot a bolt. The bolt misses the sky beast.
The sky beast hits you. The sky beast shocks you.
Firing (i - inventory. (/) - cycle)
d - 44 bolts (quivered)
Press: ? - help, Shift-Dir - straight line, f/p - sky beast
Aim: a sky beast (severely wounded)
You shoot a bolt. The bolt closely misses the sky beast.
The sky beast hits you. The sky beast shocks you.
The sky beast barely misses you.
Unknown command.
Firing (i - inventory. (/) - cycle)
d - 43 bolts (quivered)
Press: ? - help, Shift-Dir - straight line, f/p - sky beast
Aim: a sky beast (severely wounded)
You shoot a bolt.
The bolt hits the sky beast but does no damage.
The sky beast is severely wounded.
The sky beast hits you.
* * * LOW HITPOINT WARNING * * *
The sky beast shocks you.
* * * LOW HITPOINT WARNING * * *
Firing (i - inventory. (/) - cycle)
d - 42 bolts (quivered)
Press: ? - help, Shift-Dir - straight line, f/p - sky beast
Aim: a sky beast (severely wounded)
You shoot a bolt. The bolt hits the sky beast.
The sky beast is severely wounded.
The sky beast hits you.
* * * LOW HITPOINT WARNING * * *
The sky beast shocks you.
* * * LOW HITPOINT WARNING * * *
The sky beast hits you.
* * * LOW HITPOINT WARNING * * *
The sky beast shocks you.
You die...
Your body rises from the dead as a mindless zombie.

.. ##..### . #.>..#
##.### #.# #(# #.#
###.### #.# ......#
#.######## ###.#.#
#(...Y@((#
########.# ###.##
#.# ...... #.#
###### #.# #.#
##################.#
...................#
####################


You could see a sky beast.

Vanquished Creatures
  A centaur (D:4)
  An orc priest (D:4)
  A bullfrog skeleton (D:4)
  Jessica (D:3)
  Terence (D:2)
  2 worker ants (D:5)
  7 gnolls (D:3)
  6 adders
  An ooze (D:1)
  2 dart slugs
  A leopard gecko (D:1)
  7 orcs
  2 ball pythons
  2 giant cockroaches (D:2)
  3 goblins (D:2)
  6 hobgoblins
  2 jackals (D:1)
  2 quokkas
  3 bats
  A frilled lizard (D:4)
  A jackal zombie (D:4)
  5 kobolds
  3 rats
  A spectral orc (D:2)
62 creatures vanquished.

Vanquished Creatures (collateral kills)
  Sigmund (D:2)
1 creature vanquished.

Vanquished Creatures (others)
  A hobgoblin (D:2)
1 creature vanquished.

Grand Total: 64 creatures vanquished

Notes
Turn   | Place    | Note
-------+----------+-------------------------------------------
     0 | D:1      | Flugkiller the Octopode Wanderer began the quest for the
                  | Orb.
     0 | D:1      | Flugkiller set off with the following items: a +0 hand
                  | crossbow, a wand of flame (15), 23 bolts, a ration; and the
                  | following spells available to memorise: Passwall, Sticks to
                  | Snakes
     0 | D:1      | Reached XP level 1. HP: 16/16 MP: 2/2
   177 | D:1      | Reached skill level 1 in Dodging
   177 | D:1      | Reached XP level 2. HP: 20/21 MP: 3/3
   192 | D:1      | Reached skill level 1 in Polearms
   583 | D:1      | Learned a level 2 spell: Sticks to Snakes
   661 | D:2      | Noticed Jessica
   670 | D:2      | Noticed Terence
   679 | D:3      | Killed Jessica
   679 | D:3      | Reached XP level 3. HP: 7/26 MP: 3/5
   928 | D:2      | Reached skill level 1 in Transmutations
   983 | D:2      | Noticed Sigmund
  1092 | D:2      | Reached XP level 4. HP: 31/31 MP: 6/6
  1326 | D:2      | Reached skill level 2 in Transmutations
  1399 | D:2      | Killed Terence
  1670 | D:2      | Found a basalt altar of Yredelemnul.
  1733 | D:2      | Reached XP level 5. HP: 36/36 MP: 6/8
  1747 | D:2      | Killed Sigmund
  1747 | D:2      | Reached skill level 4 in Transmutations
  1747 | D:2      | Reached XP level 6. HP: 17/42 MP: 6/9
  2229 | D:3      | Reached skill level 5 in Transmutations
  2650 | D:3      | Found a shimmering altar of Xom.
  2652 | D:3      | Found a shimmering altar of Xom.
  2652 | D:3      | Found a shimmering blue altar of Sif Muna.
  2654 | D:3      | Found a glowing golden altar of the Shining One.
  2654 | D:3      | Found a glowing silver altar of Zin.
  2654 | D:3      | Found a hazy altar of Hepliaklqana.
  2882 | D:2      | Became a worshipper of Yredelemnul the Dark
  3813 | D:4      | Reached XP level 7. HP: 15/46 MP: 10/10
  4348 | D:4      | Found a blossoming altar of Fedhas.
  4505 | D:5      | Entered Level 5 of the Dungeon
  4984 | D:5      | HP: 2/46 [sky beast (3)]
  4984 | D:5      | Slain by a sky beast

Illustrated notes

Levels and vault maps discovered:
D:1:      nagdon_arrival_zigzag_paths, layout_basic
D:2:      layout_rooms, yredelemnul_forgotten_temple_becter, uniq_jessica,
          uniq_sigmund, uniq_terence
D:3:      layout_loops_ring, doesnt_xom_only_xom
D:4:      layout_loops_cross, fedhas_altar_4, first_ration
D:5:      layout_basic, lemuel_round_altar

Skill      XL: |  1  2  3  4  5  6 |
---------------+-------------------+-----
Stealth        | 2 4 |  4.0
Dodging        | 1 2 |  2.7
Polearms       | 2 |  2.0
Transmutations | 1 2 4 5 |  5.0
Spellcasting   | 2 |  2.0
Fighting       | |  3.5
Crossbows      | |  2.0
Hexes          | |  1.0
Air Magic      | |  1.0
Evocations     | |  1.1

Action                   |  1- 3 |  4- 6 |  7- 9 || total
-------------------------+-------+-------+-------++-------
Melee: Spear             |    28 |    52 |       ||    80
       Tentacles         |     6 |    11 |     1 ||    18
       Constrict         |     7 |    20 |     5 ||    32
       Halberd           |       |    42 |    15 ||    57
 Fire: Hand crossbow     |     9 |    42 |    21 ||    72
 Cast: Sticks to Snakes  |       |     2 |       ||     2
Evoke: Wand              |       |     1 |     2 ||     3
  Use: Scroll            |       |     5 |     3 ||     8
       Potion            |       |     3 |     1 ||     4
 Stab: Sleeping          |     2 |     3 |     2 ||     7
       Distracted        |       |     1 |       ||     1
  Eat: Chunk             |       |     3 |     2 ||     5
       Ration            |       |     2 |       ||     2
Armor: Skin              |       |     3 |     2 ||     5
Dodge: Dodged            |    11 |    69 |     9 ||    89

Table legend:
 A = Non-vault XP
 B = Vault XP
 C = Vault XP percentage of total XP
 D = Non-vault monster count
 E = Vault monster count
 F = Vault count percentage of total count
                 A         B        C        D         E       F
            +---------+---------+-------+---------+---------+-------
      Total |     533 |     255 |  32.4 |      59 |       4 |   6.3
            +---------+---------+-------+---------+---------+-------
        D:1 |      24 |       0 |   0.0 |       9 |       0 |   0.0
        D:2 |      68 |     218 |  76.2 |      17 |       3 |  15.0
        D:3 |     151 |      37 |  19.7 |      17 |       1 |   5.6
        D:4 |     217 |       0 |   0.0 |      12 |       0 |   0.0
        D:5 |      73 |       0 |   0.0 |       4 |       0 |   0.0
            +---------+---------+-------+---------+---------+-------
